 Dungeon Crawl Stone Soup version 0.31-a0-459-gc8a9bf3d51 (webtiles) character file.

Game seed: 3268565030927104081

2007 Ethylacetat the Trooper (level 9, -8/48 HPs)
             Began as a Vine Stalker Monk on Aug 4, 2023.
             Was an Initiate of Gozag.
             Mangled by a two-headed ogre
             ... wielding a +0 giant club
              (14 damage)
             ... on level 7 of the Dungeon.
             The game lasted 00:09:49 (3971 turns).

Ethylacetat the Trooper (Vine Stalker Monk)         Turns: 3971, Time: 00:09:49

Health: -8/48      AC:  2    Str: 14    XL:     9   Next: 22%
Magic:  0/19       EV: 18    Int: 10    God:    Gozag
Gold:   607        SH:  0    Dex: 21    Spells: 20/20 levels left

rFire   . . .        j - +3 dagger (venom)
rCold   . . .        c - orb {light}
rNeg    . . .        a - +0 robe
rPois   .            (helmet currently unavailable)
rElec   .            (cloak currently unavailable)
rCorr   .            (gloves currently unavailable)
SInv    .            r - melded +0 pair of boots
Will    +....        (no amulet)
Stlth   +            f - +5 ring of evasion
HPRegen 1.08/turn    k - +4 ring of slaying
MPRegen 0.16/turn

%: guardian spirit
@: beast-form, glowing
A: beast (slay +3), fangs 3, regeneration 1, magic shield, antimagic bite, no
potion heal 2
a: Begin Untransformation, Renounce Religion, Potion Petition, Call Merchant,
Bribe Branch


You were on level 7 of the Dungeon.
You worshipped Gozag.
Gozag was pleased with you.
You were a hulking beast.
You visited 2 branches of the dungeon, and saw 8 of its levels.

You collected 706 gold pieces.
You spent 99 gold pieces at shops.

Inventory:

Hand Weapons
 j - a +3 dagger of venom (weapon)
 v - a +1 heavy hand axe
Missiles
 o - 3 throwing nets
Armour
 a - a +0 robe (worn)
 c - an orb of light (worn)
 r - a +0 pair of boots (melded)
Jewellery
 f - a +5 ring of evasion (left hand)
 k - a +4 ring of slaying (right hand)
 A - a ring of see invisible
Talismans
 t - a beast talisman (active)
Wands
 p - a wand of roots (10)
 y - a wand of flame (7)
Scrolls
 g - 2 scrolls of teleportation {unknown}
 h - 2 scrolls of fear {unknown}
 i - a scroll of immolation {unknown}
 l - a scroll of summoning {unknown}
 m - a scroll of noise {unknown}
 n - a scroll of identify
 w - a scroll of silence
 x - a scroll of enchant weapon
Potions
 b - a potion of ambrosia
 d - a potion of resistance {unknown}
 e - a potion of degeneration {unknown}
 q - 2 potions of lignification {unknown}
 s - 4 potions of might {unknown}
 u - 2 potions of curing {unknown}
 z - a potion of attraction


   Skills:
 + Level 6.3 Fighting
 * Level 4.0 Axes
 - Level 2.4 Dodging
 - Level 4.1 Unarmed Combat
 + Level 6.1 Spellcasting
 * Level 4.4 Shapeshifting


You had 20 spell levels left.
You didn't know any spells.
Your spell library contained the following spells:

 Spells                   Type           Power      Damage    Failure   Level
 Freeze                   Ice            12%        1d3       21%         1
 Slow                     Hex            12%        N/A       21%         1
 Static Discharge         Conj/Air       6%         2-3/arc   30%         2
 Confusing Touch          Hex            3%         N/A       52%         3
 Frozen Ramparts          Ice            6%         1d1       52%         3
 Hailstorm                Conj/Ice       3%         3d3       52%         3
 Vampiric Draining        Necr           3%         2d6       52%         3
 Airstrike                Air            1%         2d(1-17)  90%         4
 Summon Lightning Spire   Summ/Air       3%         N/A       90%         4


Dungeon Overview and Level Annotations

Branches:
Dungeon (7/15)             Temple (1/1) D:5

Altars:
Dithmenos
Fedhas
Gozag
Hepliaklqana
Kikubaaqudgha
Makhleb
Nemelex Xobeh
Okawaru
Qazlal
Ru
Trog
Uskayaw
Wu Jian
Yredelemnul

Shops:
D:2 (   D:3 *   D:4 (   D:6 !


Innate Abilities, Weirdness & Mutations

You are a hulking beast.
Your limbs bulge with bestial killing power. (Slay +3)
You have razor-sharp teeth.
Your natural rate of healing is unusually fast.
When hurt, damage is shared between your health and your magic reserves.
Your bite disrupts and absorbs the magic of your enemies.
Potions cannot restore your health.


Message History

The iguana misses you.
You barely miss the iguana. The iguana misses you.
You completely miss the iguana. You bite the iguana! You drain its power.
The iguana is severely wounded.
The iguana bites you.
You hit the iguana.
The iguana is poisoned.
The iguana is almost dead.
The iguana closely misses you.
You puncture the iguana!
You kill the iguana!
You now have 607 gold pieces (gained 5).
There is an escape hatch in the ceiling here.
Done exploring.
Done exploring.
Done exploring.
There is a stone staircase leading down here.
You climb downwards.
The two-headed ogre shouts in stereo!
Found a rapier and a scroll labelled TATTOGG NUFI.
There is a stone staircase leading up here.
You hit the two-headed ogre.
The two-headed ogre is poisoned.
You bite the two-headed ogre! You drain its power.
The two-headed ogre is moderately wounded.
The two-headed ogre hits you with a +0 giant club!!!
Ouch! That really hurt!
The two-headed ogre hits you with a +0 giant club!!
* * * LOW HITPOINT WARNING * * *
Okay, then.
Okay, then.
Okay, then.
Okay, then.
As you read the scroll labelled TATTOGG NUFI, it crumbles to dust.
It is a scroll of identify.
w - a scroll of silence
As you read the scroll labelled BUSEFF ACVYBA, it crumbles to dust.
It is a scroll of enchant weapon.
Your +2 dagger of venom glows red for a moment.
The two-headed ogre hits you with a +0 giant club!
You die...
Your body crumbles into a pile of gold.

... . ... .. ..
... ... ..?
#.### #... ..#.
#...#.....
.....
#.#.#.....
#...#.#.......
#..<......#
#...h.....#
#....O....#
#.....)...#
...........#
.............#
.............#
...............
##.#.........##


You could see a two-headed ogre (very poisoned).

Vanquished Creatures
  Pikel (D:6)
  Grinder (D:6)
  Sigmund (D:6)
  An ogre (D:4)
  A phantom (D:5)
  A kobold brigand (D:6)
  A bullfrog (D:4)
  4 scorpions
  7 hounds
  A jelly (D:4)
  2 orc priests
  3 iguanas
  Natasha (thrice) (D:4)
  4 gnolls (D:3)
  10 adders
  2 white imps (D:5)
  A worm (D:2)
  A dart slug (D:4)
  11 orcs
  14 ball pythons
  5 bats
  5 endoplasms
  4 giant cockroaches
  4 goblins
  9 hobgoblins
  8 jackals
  15 kobolds
  7 quokkas
  3 training dummies (D:4)
  10 frilled lizards
  5 rats
145 creatures vanquished.

Notes
Turn   | Place    | Note
-------+----------+-------------------------------------------
     0 | D:1      | Ethylacetat the Vine Stalker Monk began the quest for the
                  | Orb.
     0 | D:1      | Reached XP level 1. HP: 11/11 MP: 2/2
    83 | D:1      | Reached XP level 2. HP: 15/16 MP: 3/3
   253 | D:1      | Reached skill level 1 in Spellcasting
   290 | D:1      | Reached XP level 3. HP: 18/20 MP: 3/5
  1105 | D:2      | Gained mutation: Your natural rate of healing is unusually
                  | fast. [Vine Stalker growth]
  1105 | D:2      | Reached XP level 4. HP: 24/24 MP: 7/7
  1193 | D:2      | Found Foeferiaxt's Antique Weapon Emporium.
  1254 | D:2      | Found a bloodstained altar of Trog.
  1607 | D:3      | Found an ancient bone altar of Kikubaaqudgha.
  1656 | D:3      | Reached XP level 5. HP: 27/28 MP: 6/9
  1898 | D:3      | Found an opulent altar of Gozag.
  1898 | D:3      | Found Gozag's Platinum Reserve.
  2000 | D:3      | Reached XP level 6. HP: 33/33 MP: 11/11
  2014 | D:3      | Became a worshipper of Gozag Ym Sagoz the Greedy
  2068 | D:3      | Found a burning altar of Makhleb.
  2182 | D:4      | Found Cius's Firing Range.
  2222 | D:4      | Bought a throwing net for 33 gold pieces
  2222 | D:4      | Bought a throwing net for 33 gold pieces
  2270 | D:4      | Noticed Natasha
  2278 | D:4      | Killed Natasha
  2331 | D:4      | Reached XP level 7. HP: 38/38 MP: 14/14
  2335 | D:4      | Reached skill level 5 in Fighting
  2493 | D:4      | Noticed Natasha
  2497 | D:4      | Killed Natasha
  2539 | D:4      | Noticed Natasha
  2545 | D:4      | Killed Natasha
  2563 | D:4      | Reached skill level 1 in Shapeshifting
  2706 | D:4      | Found a hide-covered altar of Uskayaw.
  2870 | D:4      | Found a sacrificial altar of Ru.
  2913 | D:5      | Entered Level 5 of the Dungeon
  2986 | D:5      | Reached skill level 5 in Spellcasting
  3046 | D:5      | Gained mutation: You have razor-sharp teeth. [Vine Stalker
                  | growth]
  3046 | D:5      | Reached XP level 8. HP: 44/44 MP: 16/16
  3287 | D:5      | Found a hazy altar of Hepliaklqana.
  3397 | D:5      | Reached skill level 1 in Axes
  3420 | D:5      | Found a staircase to the Ecumenical Temple.
  3428 | Temple   | Entered the Ecumenical Temple
  3506 | D:6      | Noticed Pikel
  3516 | D:6      | Killed Pikel
  3527 | D:6      | Found Diraist's Distillery.
  3573 | D:6      | Bought a potion of attraction for 33 gold pieces
  3635 | D:6      | Found a shadowy altar of Dithmenos.
  3690 | D:6      | Found a blossoming altar of Fedhas.
  3726 | D:6      | Noticed Sigmund
  3732 | D:6      | Killed Sigmund
  3733 | D:6      | Reached XP level 9. HP: 42/48 MP: 15/18
  3808 | D:6      | Noticed Grinder
  3812 | D:6      | Paralysed by Grinder for 4 turns
  3817 | D:6      | Killed Grinder
  3967 | D:7      | Noticed a two-headed ogre
  3971 | D:7      | Mangled by a two-headed ogre

Illustrated notes

Levels and vault maps discovered:
D:1:      minmay_arrival_floating_metal, layout_basic
D:2:      layout_rooms, basic_altar, serial_shops, nicolae_shop_tiny_waterfront
D:3:      layout_rooms, mainiacjoe_overflow_six_doors_small,
          nicolae_gozag_zags_fifth_avenue, lemuel_zombie_altar_kikubaaqudgha,
          st_stairs_13
D:4:      layout_loops_ring, nicolae_uskayaw_murder_on_the_dancefloor,
          nicolae_ru_the_path_less_chosen, nicolae_shop_firing_range,
          uniq_natasha
D:5:      layout_basic, lemuel_doored_altar, minmay_temple_entry_nine_rooms
D:6:      layout_cave_pools, lemuel_crystal_altar,
          lemuel_coloured_pillars_altar, serial_shops, shop, moated_statue,
          due_unseen_surprise, uniq_grinder, uniq_pikel, uniq_sigmund
D:7:      layout_basic, overflow_temple_1_default
Temple:   nicolae_temple_ecumenical_triangle

Skill      XL: |  1  2  3  4  5  6  7  8  9 |
---------------+----------------------------+-----
Spellcasting   | 1 2 3 4 5 6 |  6.1
Fighting       | 3 4 5 6 |  6.3
Unarmed Combat | 4 |  4.1
Shapeshifting  | 2 4 |  4.4
Axes           | 3 4 |  4.0
Dodging        | |  2.4

Action                     |  1- 3 |  4- 6 |  7- 9 || total
---------------------------+-------+-------+-------++-------
  Melee: Unarmed           |    90 |       |       ||    90
         Bite              |    27 |    39 |    47 ||   113
         Dagger            |       |   123 |   108 ||   231
    Use: Scroll            |       |       |     2 ||     2
   Stab: Distracted        |       |       |     1 ||     1
 Armour: Robe              |     6 |    15 |     9 ||    30
  Dodge: Dodged            |    81 |   124 |    80 ||   285
   Form: Beast             |       |       |     1 ||     1

Table legend: (Time is in decaauts)
 A = Elapsed time spent in this place.
 B = Non-inter-level travel time spent in this place.
 C = Inter-level travel time spent in this place.
 D = Time resting spent in this place.
 E = Time spent auto-exploring this place.
 F = Levels seen in this place.
 G = Mean time per level.
                   A        B        C        D        E       F      G
               +--------+--------+--------+--------+--------+-----+--------+
         Total |   3977 |   3862 |    115 |      0 |   3074 |   8 |  497.1 |
       Dungeon |   3975 |   3860 |    115 |      0 |   3074 |   7 |  567.9 |
        Temple |      1 |      1 |      0 |      0 |      0 |   1 |    1.0 |
               +--------+--------+--------+--------+--------+-----+--------+

Top non-repeatable levels by time:
     D:1: 1061 daAuts
     D:4: 731 daAuts
     D:3: 625 daAuts
     D:5: 544 daAuts
     D:6: 507 daAuts
     D:2: 500 daAuts
     D:7: 3 daAuts
  Temple: 1 daAuts
